 Dungeon Crawl Stone Soup version 0.21-a0-228-g14ccbf3 (webtiles) character file.

19 Gorglomux the Grave Robber (level 2, -4/11 HPs)
             Began as a Felid Necromancer on Aug 31, 2017.
             Slain by a worm (10 damage)
             ... on level 2 of the Dungeon.
             The game lasted 00:04:10 (2197 turns).

Gorglomux the Grave Robber (Felid Necromancer)      Turns: 2197, Time: 00:04:11

Health: -4/11      AC:  1    Str:  4    XL:     2   Next: 55%
Magic:  0/6        EV: 18    Int: 16    God:
Gold:   38         SH:  0    Dex: 16    Spells: 3/5 levels left
                                        Lives:  0   Deaths: 0

rFire    . . .     SeeInvis +   (weapon unavailable)
rCold    . . .     Gourm    .   (shield unavailable)
rNeg     . . .     Faith    .   (armour unavailable)
rPois    .         Spirit   .   (helmet unavailable)
rElec    .         Reflect  .   (cloak unavailable)
rCorr    .         Harm     .   (gloves unavailable)
MR       .....                  (boots unavailable)
Stlth    +++.......             (no amulet)
HPRegen  0.03/turn              (no ring)
MPRegen  0.10/turn              (no ring)

@: quick
A: no armour, no weapons or thrown items, stealth, claws 1, fangs 3, see
invisible, carnivore 3, speed 1, shaggy fur 1, slow metabolism 1, sharp paws
a: no special abilities


You were on level 2 of the Dungeon.
You were completely stuffed.

You visited 1 branch of the dungeon, and saw 2 of its levels.

You collected 38 gold pieces.

Inventory:

Scrolls
 B - 4 scrolls of remove curse
 G - a scroll of immolation {unknown}
 I - a scroll of enchant weapon {unknown}
 J - a scroll of recharging {unknown}
 M - 3 scrolls of identify {unknown}
Potions
 C - a potion of curing {unknown}
 D - a potion of lignification {unknown}
 E - a potion of magic {unknown}
 F - a potion of haste {unknown}
 K - a potion of flight {unknown}
Books
 a - a book of Necromancy

   Spells                             Type                      Level
   a - Pain                           Necromancy                   1
   b - Animate Skeleton               Necromancy                   1
   c - Vampiric Draining              Necromancy                   3
   d - Regeneration                   Charms/Necromancy            3
   e - Animate Dead                   Necromancy                   4
   f - Control Undead                 Necromancy                   4
Comestibles
 z - a meat ration
 A - a royal jelly


   Skills:
 - Level 2.6 Dodging
 + Level 3.4 Stealth
 + Level 2.2 Spellcasting
 + Level 4.2 Necromancy


You had 3 spell levels left.
You knew the following spells:

 Your Spells              Type           Power        Failure   Level  Hunger
a - Pain                  Necr           ###.         3%          1    #......
A - Animate Skeleton      Necr           N/A          3%          1    #......


Dungeon Overview and Level Annotations

Branches:
Dungeon (2/15)

Altars:


Innate Abilities, Weirdness & Mutations

You cannot wear armour.
You are incapable of wielding weapons or throwing items.
Your paws allow you to move quietly. (Stealth)
You have sharp claws.
You have razor-sharp teeth.
You have supernaturally acute eyesight. (SInv)
You are carnivorous and can eat meat at any time.
You cover ground quickly.
You are covered in fur. (AC +1)
You have a slow metabolism.
Your sharp claws are effective at attacking unaware monsters.


Message History

Confirm with ! or Enter, or press ? or * to list all spells!
Aiming: Pain
Press: ? - help, Shift-Dir - butt line, f/p - worm
Aim: a worm (severely wounded, chance to defeat MR: 80%)
The worm barely resists!
Casting: Pain
Confirm with ! or Enter, or press ? or * to list all spells!
Aiming: Pain
Press: ? - help, Shift-Dir - straight line, f/p - worm
Aim: a worm (severely wounded, chance to defeat MR: 80%)
The worm writhes in agony!!!
Casting: Pain
Confirm with ! or Enter, or press ? or * to list all spells!
You don't have enough magic to cast that spell!
Unknown command!
You eviscerate the worm!
The worm is butt dead!
The worm bites you!!!
BUTT rip

#...%##w#.# #............#
...#.#....##..#####......#
........##...# #.######
.......##..### ##.#
..........## ##..#
.........## #..## ........##
####.## .<.)....#
####....##########
...............#@w.........#
.................#.<.......#
.......................>...#
...............###.........#
...........#...............#
........##........##.######
........###.......##.#
##......##.# #.%.......#


You could see a worm.

Vanquished Creatures
  A ball python (D:1)
  2 giant cockroaches
  4 goblins (D:1)
  A kobold (D:1)
  5 bats
  3 frilled lizards (D:1)
  5 rats (D:1)
21 creatures vanquished.

Notes
Turn   | Place    | Note
-------+----------+-------------------------------------------
     0 | D:1      | Gorglomux the Felid Necromancer began the quest for the Orb.
     0 | D:1      | Reached XP level 1. HP: 7/7 MP: 4/4
     2 | D:1      | Learned a level 1 spell: Animate Skeleton
   235 | D:1      | Reached skill level 3 in Stealth
   742 | D:1      | Reached XP level 2. HP: 11/11 MP: 4/6
  2197 | D:2      | Slain by a worm

Vault maps used:
D:1:      minmay_arrival_wavy_path
D:2:      lemuel_crystal_altar

Skill      XL: |  1 |
---------------+----+-----
Stealth        | 3 |  3.4
Dodging        | |  2.6
Spellcasting   | |  2.2
Necromancy     | |  4.2

Action                   || total
-------------------------++-------
Melee: Unarmed           ||     1
 Cast: Pain              ||    48
       Animate Skeleton  ||     6
  Use: Scroll            ||     1
  Eat: Chunk             ||    10
Dodge: Dodged            ||     3

Table legend:
 A = Spawn XP
 B = Non-spawn XP
 C = Spawn XP percentage of total XP
 D = Spawn monster count
 E = Non-spawn monster count
 F = Spawn count percentage of total count
 G = Total turns spent on level
                    A         B        C        D         E        F      G
               +---------+---------+-------+---------+---------+-------+---------
         Total |       5 |      23 |  17.9 |       4 |      17 |  19.0 |  2197
               +---------+---------+-------+---------+---------+-------+---------
           D:1 |       5 |      20 |  20.0 |       4 |      15 |  21.1 |  2015
           D:2 |       0 |       3 |   0.0 |       0 |       2 |   0.0 |   182
               +---------+---------+-------+---------+---------+-------+---------
